 Dungeon Crawl Stone Soup version 0.30.1-10-g1249ef9ec4 (webtiles) character file.

Game seed: 15089123322928113070

26 H0rd4k the Charlatan (level 3, -2/23 HPs)
             Began as an Octopode Artificer on Oct 26, 2023.
             Frozen to death by an endoplasm (3 damage)
             ... on level 2 of the Dungeon.
             The game lasted 00:01:50 (739 turns).

H0rd4k the Charlatan (Octopode Artificer)            Turns: 739, Time: 00:01:50

Health: -2/23      AC:  1    Str: 11    XL:     3   Next: 8%
Magic:  3/3        EV: 13    Int: 15    God:
Gold:   41         SH:  0    Dex: 12    Spells: 2/2 levels left

rFire   . . .        (no weapon)
rCold   . . .        (no shield)
rNeg    + . .        (helmet restricted)
rPois   .            (no amulet)
rElec   .            a - ring of positive energy
rCorr   .            (no ring)
SInv    .            (no ring)
Will    .....        (no ring)
Stlth   +++          (no ring)
HPRegen 0.23/turn    (no ring)
MPRegen 0.08/turn    (no ring)
                     (no ring)

%: no passive effects
@: no status effects
A: almost no armour, amphibious, 8 rings, camouflage 1, gelatinous body 1,
(nimble swimmer 1), tentacles
a: no special abilities


You were on level 2 of the Dungeon.
You visited 1 branch of the dungeon, and saw 2 of its levels.

You collected 41 gold pieces.

Inventory:

Missiles
 g - 5 poisoned darts
Jewellery
 a - a ring of positive energy (left tentacle)
 i - a ring of positive energy
Wands
 b - a wand of flame (15) (quivered)
 c - a wand of charming (15)
 d - a wand of iceblast (5)
Scrolls
 e - a scroll of teleportation {unknown}
 j - a scroll of identify {unknown}
Potions
 f - a potion of invisibility {unknown}
 h - a potion of berserk rage {unknown}
 k - a potion of flight {unknown}


   Skills:
 + Level 1.0 Fighting
 + Level 2.9 Dodging
 - Level 1.3 Stealth
 + Level 0.2 Unarmed Combat
 + Level 4.0 Evocations


You had 2 spell levels left.
You didn't know any spells.
Your spell library was empty.

Dungeon Overview and Level Annotations

Branches:
Dungeon (2/15)

Altars:

Shops:
D:1 =


Innate Abilities, Weirdness & Mutations

You cannot wear most types of armour.
You are amphibious.
You can wear up to eight rings at the same time.
Your skin changes colour to match your surroundings (Stealth+).
Your rubbery body absorbs attacks. (AC +1, EV +1)
((You are camouflaged when in or above water. (Stealth+)))
You have tentacles for arms and can constrict up to eight enemies at once.


Message History

The quokka is heavily wounded.
The quokka misses you.
You closely miss the quokka. You grab the quokka.
You squeeze the quokka, but do no damage.
The quokka is heavily wounded.
You constrict the quokka. The quokka barely misses you.
You tentacle-slap the quokka but do no damage.
You squeeze the quokka, but do no damage.
The quokka is severely wounded.
You constrict the quokka.
You kill the quokka!
The endoplasm barely misses you.
You see here a quokka corpse.
You barely miss the endoplasm. You tentacle-slap the endoplasm.
The endoplasm is lightly wounded.
The endoplasm closely misses you.
You tentacle-slap the endoplasm but do no damage.
The endoplasm is lightly wounded.
The endoplasm barely misses you.
You barely miss the endoplasm.
The endoplasm is lightly wounded.
The endoplasm hits you.
You barely miss the endoplasm.
The endoplasm is lightly wounded.
The endoplasm freezes you.
You are frozen.
* * * LOW HITPOINT WARNING * * *
You tentacle-slap the endoplasm but do no damage.
The endoplasm is lightly wounded.
The endoplasm misses you.
You tentacle-slap the endoplasm.
The endoplasm is moderately wounded.
The endoplasm freezes you.
You are frozen.
* * * LOW HITPOINT WARNING * * *
You tentacle-slap the endoplasm.
The endoplasm is almost dead.
The endoplasm freezes you.
You are frozen.
You die...

#....# #####....#
.........#
#.......J#####.
#.....†.......
#...#.##########
#..........<...#
#.#...######.#.#
#.#...J@.....#.#
#....#########.#
#..............#
#..>.#############
#.#.# #.#. # #. #.


You could see an endoplasm.

Vanquished Creatures
  5 goblins (D:1)
  3 hobgoblins
  2 jackals (D:1)
  2 quokkas (D:2)
  5 ball pythons (D:1)
  A bat (D:1)
  2 frilled lizards (D:1)
  4 rats (D:1)
24 creatures vanquished.

Notes
Turn   | Place    | Note
-------+----------+-------------------------------------------
     0 | D:1      | H0rd4k the Octopode Artificer began the quest for the Orb.
     0 | D:1      | Reached XP level 1. HP: 13/13 MP: 1/1
   136 | D:1      | Reached XP level 2. HP: 13/18 MP: 2/2
   364 | D:1      | Found Dujuerph's Jewellery Shop.
   713 | D:2      | Reached skill level 4 in Evocations
   713 | D:2      | Reached XP level 3. HP: 19/23 MP: 3/3
   738 | D:2      | HP: 1/23 [frozen (5)]
   739 | D:2      | Frozen to death by an endoplasm

Illustrated notes

Levels and vault maps discovered:
D:1:      elethiomel_arrival_quiet, layout_rooms, serial_forest,
          infiniplex_forest_lined_room_2, infiniplex_forest_end_2,
          infiniplex_forest_clump_long, infiniplex_forest_straight_3,
          infiniplex_forest_straight_4, infiniplex_forest_clump_tiny,
          infiniplex_forest_zigzag_2, infiniplex_forest_join, serial_shops, shop
D:2:      kennysheep_six_static_rooms, layout_basic,
          nicolae_ecumenical_oubliette, basic_altar, chequers_garden

Skill      XL: |  1  2 |
---------------+-------+-----
Evocations     | 4 |  4.0
Fighting       | |  1.0
Dodging        | |  2.9
Stealth        | |  1.3
Unarmed Combat | |  0.2

Action                     || total
---------------------------++-------
  Melee: Unarmed           ||    72
         Constrict         ||    16
         Tentacles         ||    20
         Punch             ||     1
   Stab: Sleeping          ||     2
 Armour: Skin              ||     4
  Dodge: Dodged            ||    42
